 Dungeon Crawl Stone Soup version 0.29.1 (webtiles) character file.

Game seed: 9414800011056414036

597 Ijustatesigmund the Trooper (level 7, -6/46 HPs)
             Began as a Gargoyle Fighter on Sept 13, 2022.
             Was a Follower of Cheibriados.
             Mangled by a scorpion (8 damage)
             ... on level 5 of the Dungeon.
             The game lasted 00:05:44 (4407 turns).

Ijustatesigmund the Trooper (Gargoyle Fighter)      Turns: 4407, Time: 00:05:45

Health: -6/46      AC: -2    Str: 25    XL:     7   Next: 40%
Magic:  9/9        EV:  9    Int: 11    God:    Cheibriados [*.....]
Gold:   242        SH:  4    Dex: 12    Spells: 6/6 levels left

rFire   . . .      SeeInvis .   a - +0 flail
rCold   . . .      Faith    .   c - +0 buckler
rNeg    + . .      Spirit   .   b - +0 scale mail
rPois   ∞          Reflect  .   q - +2 hat
rElec   +          Harm     .   (no cloak)
rCorr   .          Rampage  .   (no gloves)
Will    .....                   (no boots)
Stlth   ..........              (no amulet)
HPRegen 0.15/turn               g - +4 ring of protection
MPRegen 0.11/turn               (no ring)

@: corroded, very slow
A: sickness immunity, AC +4, negative energy resistance 1, electricity
resistance, torment resistance 1, petrification resistance
a: Renounce Religion, Bend Time


You were on level 5 of the Dungeon.
You worshipped Cheibriados.
Cheibriados was aware of your devotion.
You visited 1 branch of the dungeon, and saw 5 of its levels.

You collected 242 gold pieces.

Inventory:

Hand Weapons
 a - a +0 flail (weapon)
Missiles
 f - 3 javelins (quivered)
Armour
 b - a +0 scale mail (worn)
 c - a +0 buckler (worn)
 q - a +2 hat (worn)
Jewellery
 e - a ring of magical power
 g - a +4 ring of protection (left hand)
Wands
 h - a wand of polymorph (5)
 u - a wand of roots (10)
Scrolls
 i - a scroll of amnesia
 j - a scroll of identify
 k - a scroll of poison {unknown}
 m - a scroll of teleportation
Potions
 d - a potion of might
 l - 3 potions of curing
 n - a potion of lignification {unknown}
 o - a potion of resistance
 r - a potion of attraction
 s - a potion of magic {unknown}
 t - 2 potions of brilliance
 v - a potion of haste {unknown}


   Skills:
 + Level 6.2 Fighting
 + Level 5.1 Maces & Flails
 + Level 3.4 Armour
 - Level 3.2 Shields
 + Level 3.4 Invocations


You had 6 spell levels left.
You didn't know any spells.
Your spell library contained the following spells:

 Spells                   Type           Power      Damage    Failure   Level
 Petrify                  Tmut/Erth      0%         N/A       100%        4
 Irradiate                Conj/Tmut      0%         3d11      100%        5
 Chain Lightning          Conj/Air       0%         N/A       100%        9
 Fire Storm               Conj/Fire      0%         5d1       100%        9
 Shatter                  Erth           0%         3d5*      100%        9
 Sublimation of Blood     Necr           Unusable   N/A       N/A         2

Dungeon Overview and Level Annotations

Branches:
Dungeon (5/15)             Temple (0/1) D:5

Altars:
Cheibriados
Nemelex Xobeh
Qazlal
Sif Muna

Shops:
D:3 (


Innate Abilities, Weirdness & Mutations

You are immune to sickness and miasma.
Your stone body is resilient. (AC +4)
You are immune to poison.
You resist negative energy. (rN+)
You are resistant to electric shocks. (rElec)
You are resistant to unholy torment.
You are immune to petrification.


Message History

The scorpion stings you but does no damage.
The jelly hits you. The acid corrodes you!
You are splashed with acid!
The scorpion misses you.
You hit the jelly but do no damage.
Your hands burn!
The jelly closely misses you. The scorpion closely misses you.
A hound comes into view.
The hound barks!
You hit the jelly. The acid corrodes you!
Your hands burn!
The jelly is moderately wounded.
You hear a shout!
The jelly hits you. The acid corrodes you!
You are splashed with acid!
* * * LOW HITPOINT WARNING * * *
The scorpion stings you but does no damage.
The jelly barely misses you.
You feel much better. The scorpion stings you. x2
The jelly closely misses you.
You sock the jelly!
Your hands burn!
The jelly is severely wounded.
A hound comes into view.
The scorpion stings you but does no damage.
The jelly hits you. The acid corrodes you!
You are splashed with acid!
You thump the jelly!
You kill the jelly!
Cheibriados thoroughly appreciates the change of pace.
Cheibriados raises the support of your attributes as your movement slows.
The scorpion stings you. x2
You completely miss the scorpion. The scorpion stings you!
You hit the scorpion but do no damage. The scorpion completely misses you.
You hit the scorpion but do no damage. The scorpion stings you!
* * * LOW HITPOINT WARNING * * *
The scorpion stings you.
* * * LOW HITPOINT WARNING * * *
You hit the scorpion but do no damage. The scorpion completely misses you.
You hit the scorpion but do no damage. You block the scorpion's attack.
You hit the scorpion.
The scorpion is lightly wounded.
The scorpion stings you.
* * * LOW HITPOINT WARNING * * *
The scorpion stings you!
You die...

## .. #. .. ###. ...
######.#######.## ..
.......[.@shh.... #..
####.....###.#.## ...
#.....#
###.#######.....#
.........##.....#
###.####.###...##
#..............####.#.
......................
###.####.###...####.#+


You could see a scorpion and 2 hounds.

Vanquished Creatures
  A phantom (D:5)
  4 scorpions
  A howler monkey (D:5)
  A jelly (D:5)
  A hound (D:5)
  Robin (D:2)
  5 adders
  4 gnolls (D:4)
  3 dart slugs
  An orc (D:5)
  6 endoplasms
  3 giant cockroaches
  18 goblins
  6 hobgoblins
  12 jackals
  4 quokkas
  12 ball pythons
  7 bats
  3 frilled lizards
  6 kobolds
  8 rats
107 creatures vanquished.

Vanquished Creatures (others)
  5 plants (D:2)
5 creatures vanquished.

Grand Total: 112 creatures vanquished

Notes
Turn   | Place    | Note
-------+----------+-------------------------------------------
     0 | D:1      | Ijustatesigmund the Gargoyle Fighter began the quest for
                  | the Orb.
     0 | D:1      | Reached XP level 1. HP: 14/14 MP: 1/1
   208 | D:1      | Reached XP level 2. HP: 19/19 MP: 2/2
   402 | D:1      | Found a faded altar of an unknown god.
   622 | D:1      | Reached XP level 3. HP: 22/24 MP: 3/3
   655 | D:1      | Reached skill level 4 in Fighting
  1424 | D:2      | Reached XP level 4. HP: 26/30 MP: 4/4
  1745 | D:2      | Noticed Robin
  1761 | D:2      | Killed Robin
  2014 | D:3      | Found a snail-covered altar of Cheibriados.
  2028 | D:3      | Reached XP level 5. HP: 29/34 MP: 5/5
  2072 | D:3      | Became a worshipper of Cheibriados the Contemplative
  2270 | D:3      | Found a stormy altar of Qazlal.
  2376 | D:3      | Found a sparkling altar of Nemelex Xobeh.
  2376 | D:3      | Found a shimmering blue altar of Sif Muna.
  2453 | D:3      | Reached skill level 5 in Fighting
  2545 | D:3      | Found Digoen's Weapon Shoppe.
  3604 | D:4      | Reached skill level 1 in Invocations
  3606 | D:4      | Reached * piety under Cheibriados
  3684 | D:4      | Reached XP level 6. HP: 34/40 MP: 5/7
  4053 | D:5      | Entered Level 5 of the Dungeon
  4053 | D:5      | Found a staircase to the Ecumenical Temple.
  4282 | D:5      | Reached XP level 7. HP: 40/45 MP: 7/9
  4336 | D:5      | Reached skill level 6 in Fighting
  4342 | D:5      | Reached skill level 5 in Maces & Flails
  4407 | D:5      | HP: 2/46 [scorpion (3)]
  4407 | D:5      | Mangled by a scorpion

Illustrated notes

Levels and vault maps discovered:
D:1:      minmay_arrival_open_corners, layout_loops_ring,
          nicolae_ecumenical_snake_handling, minmay_cupped
D:2:      cheibrodos_old_hovel, layout_basic, uniq_robin
D:3:      layout_basic, nicolae_qazlal_scattered_showers,
          overflow_temple_1_default, chequers_temple_overflow_statue_of_worship,
          serial_shops, nicolae_shop_crystal, kennysheep_generic_room_15
D:4:      layout_cave_pools
D:5:      layout_basic, temple_pool_b, nicolae_wooded_promenade, uniq_ijyb

Skill      XL: |  1  2  3  4  5  6  7 |
---------------+----------------------+-----
Fighting       | 4 5 6 |  6.2
Maces & Flails | 3 4 5 |  5.1
Invocations    | 1 2 3 |  3.4
Armour         | |  3.4
Shields        | |  3.2

Action                   |  1- 3 |  4- 6 |  7- 9 || total
-------------------------+-------+-------+-------++-------
Melee: Flail             |   143 |   226 |    35 ||   404
Throw: Javelin           |       |     5 |       ||     5
Evoke: Wand              |       |     4 |       ||     4
  Use: Scroll            |       |    14 |       ||    14
       Potion            |       |       |     1 ||     1
Armor: Scale mail        |   112 |   164 |    15 ||   291
Dodge: Dodged            |    90 |   128 |    21 ||   239
Block: Buckler           |    29 |    50 |     8 ||    87
